 Dungeon Crawl Stone Soup version 0.28-a0-1613-gdaab1c2f9b (webtiles) character file.

Game seed: 9335099284410352272

531 lonewolfV2 the Chucker (level 7, -4/63 HPs)
             Began as a Troll Warper on Jan 21, 2022.
             Slain by Natasha (8 damage)
             ... on level 4 of the Dungeon.
             The game lasted 00:06:21 (3102 turns).

lonewolfV2 the Chucker (Troll Warper)               Turns: 3102, Time: 00:06:22

Health: -4/63      AC:  4    Str: 20    XL:     7   Next: 3%
Magic:  7/7        EV: 10    Int: 11    God:
Gold:   239        SH:  0    Dex:  9    Spells: 8/8 levels left

rFire   x . .      SeeInvis .     - Unarmed
rCold   + . .      Faith    .   (no shield)
rNeg    . . .      Spirit   .   a - +0 robe
rPois   .          Reflect  .   (helmet restricted)
rElec   .          Harm     .   (no cloak)
rCorr   .          Rampage  .   (gloves unavailable)
Will    .....                   (boots unavailable)
Stlth   +.........              (no amulet)
HPRegen 1.00/turn               e - ring of ice
MPRegen 0.10/turn               (no ring)

@: slowed, very slow
A: large, unfitting armour, claws 3, regeneration 1, shaggy fur 1, tough skin 1
a: no special abilities


You were on level 4 of the Dungeon.
You visited 1 branch of the dungeon, and saw 4 of its levels.

You collected 239 gold pieces.

Inventory:

Missiles
 g - a boomerang (quivered)
Armour
 a - a +0 robe (worn)
Jewellery
 e - a ring of ice (left claw)
 f - an amulet of magic regeneration
 k - an amulet of reflection
Wands
 m - a wand of acid (4)
Scrolls
 b - a scroll of blinking
 d - a scroll of summoning
 i - a scroll of amnesia
 j - a scroll of identify
Potions
 l - a potion of curing {unknown}


   Skills:
 + Level 1.8 Fighting
 + Level 5.4 Throwing
 + Level 3.1 Dodging
 + Level 0.3 Stealth
 + Level 2.7 Unarmed Combat
 + Level 1.2 Spellcasting
 + Level 2.5 Translocations


You had 8 spell levels left.
You didn't know any spells.
Your spell library contained the following spells:

 Spells                   Type           Power      Damage    Failure   Level
 Blink                    Tloc           12%        N/A       17%         2
 Gell's Gravitas          Tloc           6%         N/A       32%         3
 Lesser Beckoning         Tloc           6%         N/A       32%         3
 Teleport Other           Tloc           6%         N/A       32%         3
 Ensorcelled Hibernation  Hex/Ice        2%         N/A       43%         2
 Passwall                 Tmut/Erth      0%         N/A       43%         2
 Swiftness                Air            0%         N/A       67%         3
 Manifold Assault         Tloc           6%         N/A       97%         5


Dungeon Overview and Level Annotations

Branches:
Dungeon (4/15)
 Temple: D:4-7

Altars:
Elyvilon
Wu Jian

Shops:
D:1 !   D:2 [

Annotations:
D:4 Natasha


Innate Abilities, Weirdness & Mutations

You are too large for most types of armour.
You have claws for hands.
Your natural rate of healing is unusually fast.
You are covered in fur. (AC +1)
You have tough skin. (AC +1)


Message History

The boomerang hits the iguana but does no damage.
The iguana is heavily wounded.
You throw a boomerang. The boomerang barely misses the iguana.
You throw a boomerang. The boomerang hits the iguana.
The iguana is almost dead.
The iguana bites you!
You hear an angry hiss.
You throw a boomerang. The boomerang barely misses the iguana.
Natasha, Servant of Life and Death comes into view.
The iguana bites you! The iguana bites you!
You barely miss the iguana.
The iguana is almost dead.
The iguana bites you.
Natasha mumbles some strange words.
You closely miss the iguana.
The iguana is almost dead.
The iguana bites you!
Natasha stares at you and mumbles some strange words.
The magic dart hits you!
* * * LOW HITPOINT WARNING * * *
You barely miss the iguana.
The iguana is almost dead.
The iguana closely misses you. Natasha casts a spell at you.
You feel yourself slow down.
You scratch the iguana.
The iguana is almost dead.
The iguana bites you!
* * * LOW HITPOINT WARNING * * *
Natasha barely misses you.
You claw the iguana!
You kill the iguana!
Natasha barely misses you. The iron imp hits you.
* * * LOW HITPOINT WARNING * * *
You have reached level 7!
You scratch Natasha.
Natasha is moderately wounded.
Natasha claws you!
You die...

....# #........# ....#
+........# ....# #........#
....# #........# ....#
#........# ....#####
#........########. .........
.#####...........
..............#..5#...........
..............#.@h'...........
..............#..##...........
.##+#####.....#..#...........#
.'..#...#.....'..#...........#
.#..#...#.....#..#...........#
..
.#####'##.....####...........##.
............# #.......####....#
............# +.......# #....#
............+ #.......+ #....#


You could see an iron imp (summoned) and Natasha.

Vanquished Creatures
  A necrophage (D:3)
  2 bullfrogs
  A scorpion (D:4)
  An orc priest (D:4)
  Jessica (D:3)
  An iguana (D:4)
  An orc wizard (D:4)
  Natasha (D:4)
  4 adders
  A howler monkey skeleton (D:3)
  2 worms (D:2)
  4 dart slugs
  2 orcs (D:4)
  11 endoplasms
  5 giant cockroaches
  6 hobgoblins
  4 jackals
  8 kobolds
  A ball python (D:1)
  2 bats
  A frilled lizard (D:2)
  6 goblins
  7 rats
73 creatures vanquished.

Vanquished Creatures (collateral kills)
  A bat (D:1)
  A rat (D:1)
2 creatures vanquished.

Grand Total: 75 creatures vanquished

Notes
Turn   | Place    | Note
-------+----------+-------------------------------------------
     0 | D:1      | lonewolfV2 the Troll Warper began the quest for the Orb.
     0 | D:1      | Reached XP level 1. HP: 19/19 MP: 1/1
   168 | D:1      | Reached XP level 2. HP: 25/27 MP: 2/2
   423 | D:1      | Reached skill level 1 in Throwing
   603 | D:1      | Found Kiwnithrul's Distillery.
   671 | D:1      | Reached XP level 3. HP: 33/33 MP: 3/3
   730 | D:1      | Found a faded altar of an unknown god.
   970 | D:2      | Found an ornate altar of the Wu Jian Council.
   999 | D:2      | Found Maomuaps's Armour Shoppe.
  1118 | D:2      | Reached skill level 2 in Throwing
  1226 | D:2      | Reached XP level 4. HP: 16/41 MP: 4/4
  1770 | D:3      | Noticed Jessica
  1770 | D:3      | Noticed a necrophage
  1779 | D:3      | Killed a necrophage
  1780 | D:3      | Reached skill level 3 in Throwing
  1780 | D:3      | Reached XP level 5. HP: 41/49 MP: 5/5
  1785 | D:3      | Killed Jessica
  1928 | D:3      | Reached skill level 4 in Throwing
  2071 | D:3      | Reached XP level 6. HP: 57/57 MP: 6/6
  2143 | D:3      | Found a white marble altar of Elyvilon.
  2481 | D:4      | Noticed Natasha
  2505 | D:4      | Killed Natasha
  2673 | D:4      | Reached skill level 5 in Throwing
  3095 | D:4      | Noticed Natasha
  3101 | D:4      | HP: 2/57 [iron imp[Natasha] (6)]
  3102 | D:4      | Reached XP level 7. HP: 3/63 MP: 7/7
  3102 | D:4      | Slain by Natasha

Illustrated notes

Levels and vault maps discovered:
D:1:      matt_arrival_debris, layout_loops_ring, serial_shops,
          nicolae_lakefront_shop, basic_ecumenical_altar,
          chequers_serial_rivers_small_a
D:2:      layout_basic, basic_altar, serial_shops, nicolae_shop_trees,
          uniq_crazy_yiuf_cottage
D:3:      layout_basic, elyvilon_altar_5, corexii_leaking_fountain, uniq_jessica
D:4:      layout_gridville, uniq_natasha

Skill      XL: |  1  2  3  4  5  6 |
---------------+-------------------+-----
Dodging        | 2 3 |  3.1
Throwing       | 1 2 3 4 5 |  5.4
Fighting       | |  1.8
Stealth        | |  0.3
Unarmed Combat | |  2.7
Spellcasting   | |  1.2
Translocations | |  2.5

Action                   |  1- 3 |  4- 6 |  7- 9 || total
-------------------------+-------+-------+-------++-------
Melee: Unarmed           |    22 |    63 |     1 ||    86
Throw: Boomerang         |   100 |   121 |       ||   221
  Use: Scroll            |     3 |     4 |       ||     7
       Potion            |     1 |     2 |       ||     3
Armor: Robe              |    27 |    38 |       ||    65
Dodge: Dodged            |    36 |    41 |       ||    77

Table legend: (Time is in decaauts)
 A = Elapsed time spent in this place.
 B = Non-inter-level travel time spent in this place.
 C = Inter-level travel time spent in this place.
 D = Time resting spent in this place.
 E = Time spent auto-exploring this place.
 F = Levels seen in this place.
 G = Mean time per level.
                   A        B        C        D        E       F      G
               +--------+--------+--------+--------+--------+-----+--------+
         Total |   3149 |   3087 |     62 |    685 |   1723 |   4 |  787.2 |
       Dungeon |   3149 |   3087 |     62 |    685 |   1723 |   4 |  787.2 |
               +--------+--------+--------+--------+--------+-----+--------+

Top non-repeatable levels by time:
     D:1: 911 daAuts
     D:2: 883 daAuts
     D:4: 800 daAuts
     D:3: 554 daAuts
